 Dungeon Crawl Stone Soup version 0.23-a0-556-g351818a (webtiles) character file.

210 zishaf the Poker (level 5, -5/42 HPs)
             Began as a Merfolk Fighter on Dec 10, 2018.
             Slain by an orc warrior
             ... wielding a +0 mace
              (18 damage)
             ... on level 3 of the Dungeon.
             The game lasted 00:03:31 (2121 turns).

zishaf the Poker (Merfolk Fighter)                  Turns: 2121, Time: 00:03:32

Health: -5/42      AC:  7    Str: 22    XL:     5   Next: 88%
Magic:  5/5        EV:  9    Int:  8    God:
Gold:   169        SH: 10    Dex: 13    Spells: 4/4 levels left

rFire    . . .     SeeInvis .   a - +0 trident
rCold    . . .     Gourm    .   c - +0 shield
rNeg     . . .     Faith    .   b - +0 scale mail
rPois    .         Spirit   .   (no helmet)
rElec    .         Reflect  .   n - +0 cloak
rCorr    .         Harm     .   (no gloves)
MR       +....                  (no boots)
Stlth    +.........             (no amulet)
HPRegen  0.14/turn              i - ring of protection from magic
MPRegen  0.09/turn              k - ring of stealth

@: mighty
A: change form in water, swift swim, stealthy swim
a: no special abilities


You were on level 3 of the Dungeon.
You were not hungry.

You visited 1 branch of the dungeon, and saw 3 of its levels.

You collected 169 gold pieces.

Inventory:

Hand Weapons
 a - a +0 trident (weapon)
Missiles
 j - 3 javelins (quivered)
Armour
 b - a +0 scale mail (worn)
 c - a +0 shield (worn)
 n - a +0 cloak (worn)
Jewellery
 i - a ring of protection from magic (left hand)
 k - a ring of stealth (right hand)
Scrolls
 h - 3 scrolls of identify {unknown}
 l - a scroll of magic mapping {unknown}
 m - a scroll of enchant armour {unknown}
Potions
 d - a potion of might
 e - 3 potions of curing {unknown}
 g - a potion of agility {unknown}
Comestibles
 f - 6 rations
 o - a chunk of flesh


   Skills:
 + Level 4.2 Fighting
 * Level 5.9 Polearms
 - Level 2.1 Armour
 + Level 3.0 Dodging
 + Level 3.8 Shields


You had 4 spell levels left.
You didn't know any spells.
Your spell library was empty.

Dungeon Overview and Level Annotations

Branches:
Dungeon (3/15)

Altars:


Message History

You block the orc warrior's attack.
You hit the orc warrior but do no damage.
The orc warrior is moderately wounded.
You hit the orc warrior but do no damage.
The orc warrior is moderately wounded.
The orc warrior closely misses you.
You closely miss the orc warrior.
The orc warrior is moderately wounded.
You block the orc warrior's attack.
You barely miss the orc warrior.
The orc warrior is moderately wounded.
The orc warrior hits you with a +0 mace.
You hit the orc warrior but do no damage.
The orc warrior is moderately wounded.
The orc warrior hits you with a +0 mace.
* * * LOW HITPOINT WARNING * * *
Your shield and scale mail prevent you from hitting the orc warrior.
The orc warrior is moderately wounded.
The orc warrior hits you with a +0 mace!!
You die...

...####.......... .
#.o.....## #o#######
##.########.#
#.o.........#
#.....#######
#.#.......<#
#.......###############
....#.....oogo@........<#
###.##..#.o##############
.....#_#.# ####...#..#
#......# #...#### ####


You could see an orc warrior, 3 orcs and a hobgoblin.

Vanquished Creatures
  A centaur zombie (D:3)
  A hound (D:2)
  Crazy Yiuf (D:2)
  A worker ant (D:3)
  3 adders (D:2)
  An ooze (D:3)
  A worm (D:2)
  5 dart slugs
  3 leopard geckos
  2 goblins (D:2)
  7 hobgoblins
  8 jackals (D:2)
  5 kobolds
  A quokka (D:2)
  A ball python (D:2)
  4 bats
  2 frilled lizards
  3 rats
50 creatures vanquished.

Notes
Turn   | Place    | Note
-------+----------+-------------------------------------------
     0 | D:1      | zishaf the Merfolk Fighter began the quest for the Orb.
     0 | D:1      | Reached XP level 1. HP: 18/18 MP: 1/1
   174 | D:1      | Reached XP level 2. HP: 24/24 MP: 2/2
   242 | D:1      | Reached skill level 1 in Dodging
   664 | D:2      | Reached XP level 3. HP: 29/29 MP: 3/3
   701 | D:2      | Reached skill level 4 in Polearms
  1239 | D:2      | Reached XP level 4. HP: 15/37 MP: 4/4
  1444 | D:2      | Reached skill level 5 in Polearms
  1489 | D:2      | Found a runed door.
  1735 | D:2      | Noticed Crazy Yiuf
  1744 | D:2      | Killed Crazy Yiuf
  1744 | D:2      | Reached XP level 5. HP: 34/42 MP: 5/5
  1874 | D:3      | Found a faded altar of an unknown god.
  1958 | D:3      | Noticed an orc warrior
  2121 | D:3      | Slain by an orc warrior

Vault maps used:
D:1:      lemuel_arrival_tunnels
D:2:      kb_forest_paths, serial_glass, glass_columns_a, glass_columns_a,
          glass_columns_a, glass_columns_b, uniq_crazy_yiuf_cottage
D:3:      lemuel_castle_with_subvaults, chequers_ecumenical_altar_simple,
          first_ration

Skill      XL: |  1  2  3  4  5 |
---------------+----------------+-----
Dodging        | 1 2 3 |  3.0
Polearms       | 4 5 |  5.9
Fighting       | 4 |  4.2
Armour         | |  2.1
Shields        | |  3.8

Action                   |  1- 3 |  4- 6 || total
-------------------------+-------+-------++-------
Melee: Trident           |   122 |   114 ||   236
  Use: Potion            |     1 |     1 ||     2
  Eat: Chunk             |       |     4 ||     4
Armor: Scale mail        |    40 |    42 ||    82
Dodge: Dodged            |    36 |    34 ||    70
Block: Shield            |    54 |    44 ||    98

Table legend:
 A = Non-vault XP
 B = Vault XP
 C = Vault XP percentage of total XP
 D = Non-vault monster count
 E = Vault monster count
 F = Vault count percentage of total count
                 A         B        C        D         E       F
            +---------+---------+-------+---------+---------+-------
      Total |     207 |      94 |  31.2 |      42 |       8 |  16.0
            +---------+---------+-------+---------+---------+-------
        D:1 |      22 |       0 |   0.0 |      10 |       0 |   0.0
        D:2 |      88 |      94 |  51.6 |      26 |       8 |  23.5
        D:3 |      97 |       0 |   0.0 |       6 |       0 |   0.0
            +---------+---------+-------+---------+---------+-------
